Map: Automaton LE

Players

Minatoeh (Minato) - Winner!

  • Race: Zerg Zerg
  • Spawn Location: 9:00

BuRning

  • Race: Terran Terran
  • League: Master
  • Spawn Location: 3:00

Event: 2019 WCS Spring

VOD

Have the link to the VOD?

Description

Time

  • Played on: May 17, 2019, 8:18 a.m.
  • Length: 12:35

All games in this series

Show
View Real Time Build Order
Export as new Build Order

Minatoeh Zerg - Winner!

Build Orders: Hatch First, Muta Ling Bane 

Get SALT Encoding   

  12  0:00  Drone  
  13  0:12  Overlord  
  13  0:27  Drone  
  14  0:30  Drone x2  
  16  0:51  Hatchery  
  16  0:54  Drone  
  16  0:57  Drone  
  16  1:00  Drone  
  18  1:11  Extractor  
  18  1:16  Spawning Pool  
  16  1:19  Drone  
  16  1:22  Drone  
  18  1:32  Drone  
  19  1:43  Drone  
  20  1:53  Drone  
  21  2:03  Queen x2  
  21  2:05  Zergling x4  
  27  2:15  Overlord  
  27  2:16  Drone  
  28  2:34  Drone  
  28  2:36  Drone  
  30  2:39  Queen  
  30  2:40  Drone x2  
  30  2:43  Metabolic Boost, Queen  
  36  2:50  Overlord  
  36  2:51  Overlord  
  36  3:13  Hatchery  
  36  3:14  Drone x2  
  36  3:15  Drone x2  
  36  3:16  Drone  
  36  3:18  Drone  
  41  3:21  Drone  
  41  3:22  Drone  
  41  3:25  Drone  
  44  3:27  Drone  
  44  3:31  Drone  
  44  3:33  Overlord  
  46  3:37  Drone  
  47  3:43  Zergling x2  
  47  3:44  Queen  
  50  3:53  Zergling x12  
  56  4:02  Overlord  
  56  4:05  Evolution Chamber  
  56  4:06  Evolution Chamber  
  54  4:11  Zergling x4  
  56  4:23  Zergling x2  
  56  4:24  Zergling x8  
  61  4:25  Queen  
  63  4:35  Spore Crawler  
  63  4:36  Drone  
  63  4:37  Drone x3  
  66  4:40  Overlord x3  
  66  4:41  Zerg Melee Weapons Level 1  
  66  4:46  Zerg Ground Armor Level 1  
  65  4:59  Drone x8  
  73  5:02  Drone  
  73  5:05  Drone x2  
  73  5:06  Drone  
  77  5:08  Drone  
  77  5:10  Drone  
  77  5:11  Drone  
  77  5:14  Drone x2  
  79  5:21  Drone x2  
  79  5:22  Drone  
  79  5:26  Spore Crawler, Drone  
  78  5:29  Drone x2  
  78  5:30  Drone  
  75  5:40  Zergling x18  
  79  5:43  Lair  
  79  5:47  Drone  
  80  5:51  Extractor  
  80  5:52  Extractor  
  80  5:56  Zergling x4  
  80  5:59  Extractor  
  80  6:00  Extractor  
  80  6:01  Drone  
  80  6:02  Drone x2  
  81  6:08  Zergling x2  
  81  6:11  Hatchery  
  82  6:18  Drone  
  82  6:19  Overlord x3  
  82  6:20  Overlord x4  
  82  6:24  Baneling Nest  
  81  6:38  Drone  
  81  6:39  Drone  
  84  6:40  Hatchery, Extractor, Drone x2  
  83  6:48  Zerg Ground Armor Level 2  
  82  6:56  Zergling x22  
  82  6:57  Zergling x6  
  96  7:02  Drone  
  96  7:05  Zerg Melee Weapons Level 2  
  96  7:06  Drone  
  96  7:07  Drone  
  99  7:10  Centrifical Hooks  
  99  7:17  Zergling x8  
  99  7:18  Baneling  
  99  7:19  Baneling x3  
  103  7:24  Zergling x8  
  103  7:26  Baneling x4  
  103  7:27  Baneling  
  107  7:35  Zergling x2  
  107  7:36  Zergling x12  
  113  7:44  Zergling x6  
  113  7:45  Baneling  
  113  7:46  Baneling x10  
  116  7:56  Zergling x18  
  117  8:09  Spire  
  117  8:10  Drone x7  
  119  8:19  Zergling x14  
  91  8:45  Extractor  
  91  8:46  Extractor  
  89  8:50  Drone x4  
  89  8:51  Drone x2  
  89  8:52  Zergling x24  
  89  8:53  Zergling x2  
  89  8:54  Baneling x10  
  108  8:56  Baneling x3  
  108  9:13  Zergling x2  
  108  9:14  Zergling x28  
  123  9:23  Mutalisk x7, Zerg Flyer Weapons Level 1  
  137  9:27  Mutalisk  
  137  9:28  Mutalisk  
  136  9:41  Mutalisk x3  
  136  9:43  Overlord x2  
  136  9:44  Overlord  
  142  10:03  Mutalisk  
  142  10:04  Mutalisk x5  
  154  10:07  Zergling x2  
  154  10:08  Zergling x12  
  160  10:19  Drone x5  
  160  10:20  Overlord x2  
  165  10:21  Overlord  
  165  10:30  Pneumatized Carapace  
  165  10:38  Mutalisk x6  
  165  10:40  Mutalisk  
  179  10:50  Mutalisk x2  
  179  10:52  Overlord x2  
  180  11:08  Mutalisk x4  
  169  11:15  Mutalisk x2  
  171  11:21  Zergling x34  
  188  11:28  Infestation Pit  
  187  11:33  Mutalisk x3  
  187  11:36  Zergling x8  
  197  11:44  Baneling x3  
  195  11:49  Baneling x4  
  193  11:57  Baneling x7  
  190  12:06  Zergling x30  
Show
View Real Time Build Order
Export as new Build Order

BuRning Terran 

Build Orders: Gas First Reaper Expand, Liberator Opening 

Get SALT Encoding   

  12  0:00  SCV  
  13  0:13  SCV  
  14  0:18  Supply Depot  
  14  0:25  SCV  
  15  0:29  Refinery  
  15  0:40  SCV  
  16  0:45  Barracks  
  16  0:52  SCV  
  17  1:04  SCV  
  18  1:16  SCV  
  19  1:32  Reaper, Orbital Command  
  20  1:46  Command Center  
  20  1:57  Factory  
  21  2:01  SCV  
  21  2:07  Barracks Reactor  
  21  2:14  Supply Depot  
  21  2:15  SCV  
  22  2:23  Refinery  
  22  2:27  SCV  
  23  2:43  SCV  
  24  2:46  Starport  
  24  2:53  Hellion x2  
  29  2:58  SCV  
  29  2:59  Orbital Command  
  29  3:09  Barracks Tech Lab  
  29  3:10  SCV  
  30  3:14  Hellion  
  30  3:17  Hellion  
  34  3:28  Viking  
  34  3:30  SCV x2  
  38  3:37  Supply Depot  
  38  3:40  Hellion  
  40  3:44  SCV  
  40  3:45  SCV  
  40  3:47  Stimpack  
  42  3:54  Marine  
  43  3:55  Liberator  
  43  3:56  SCV  
  43  3:57  SCV  
  43  3:59  Supply Depot  
  45  4:08  SCV  
  45  4:09  SCV  
  50  4:20  SCV  
  50  4:24  SCV  
  52  4:27  Command Center  
  52  4:31  Factory Tech Lab  
  52  4:33  SCV, Marine  
  52  4:37  Barracks  
  54  4:39  SCV  
  54  4:45  SCV  
  56  4:46  Supply Depot  
  56  4:52  SCV  
  54  4:53  Marine  
  54  4:54  Siege Tank  
  54  4:57  SCV  
  53  5:01  Starport Reactor  
  53  5:04  SCV  
  54  5:09  Barracks  
  54  5:11  SCV  
  55  5:15  Engineering Bay x2  
  55  5:16  SCV  
  55  5:18  Marine  
  57  5:24  Marine x2  
  57  5:25  SCV  
  60  5:29  SCV  
  60  5:33  Siege Tank  
  64  5:36  Marine  
  64  5:37  SCV  
  64  5:39  Orbital Command  
  64  5:41  SCV  
  67  5:46  Refinery  
  67  5:47  Terran Infantry Weapons Level 1, Refinery  
  67  5:48  Terran Infantry Armor Level 1  
  67  5:49  SCV  
  68  5:53  SCV  
  68  5:56  Marine x2  
  71  5:59  Combat Shield  
  71  6:03  Starport Reactor  
  71  6:07  Orbital Command, Marine x3  
  71  6:08  SCV  
  71  6:09  SCV  
  76  6:14  Marine  
  74  6:19  Marine  
  74  6:20  SCV  
  74  6:21  SCV  
  74  6:23  Supply Depot  
  74  6:24  Marine  
  78  6:29  Supply Depot  
  78  6:30  Marine x2, Supply Depot  
  78  6:32  SCV x2, Marine  
  83  6:35  SCV  
  83  6:37  Marine  
  83  6:39  Barracks x2  
  85  6:44  Marine  
  85  6:45  SCV, Medivac x2, Supply Depot  
  91  6:48  Marine x2  
  91  6:53  Marine  
  94  6:54  Marine  
  94  6:55  SCV x2  
  94  6:59  SCV  
  96  7:04  Armory, Supply Depot  
  96  7:06  Marine x3  
  96  7:07  SCV x2, Siege Tank  
  104  7:11  SCV  
  105  7:16  Barracks x2  
  105  7:19  SCV  
  106  7:26  Barracks Reactor, Marine x3  
  106  7:27  Barracks Reactor  
  106  7:29  SCV  
  110  7:30  Refinery  
  110  7:35  Marine x2  
  108  7:43  Marine  
  108  7:44  Marine x2  
  106  7:46  Siege Tank  
  110  7:52  Marine  
  110  7:53  Marine  
  110  7:56  SCV  
  110  7:57  SCV  
  111  7:59  Engineering Bay  
  111  8:00  Engineering Bay  
  111  8:01  Marine x3  
  109  8:10  SCV x2, Marine x2  
  109  8:11  SCV  
  110  8:16  Marine x2  
  110  8:17  Marine  
  110  8:19  Marine x2  
  104  8:21  Barracks Tech Lab x2  
  104  8:22  SCV  
  104  8:25  SCV, Factory  
  99  8:35  Orbital Command  
  88  8:42  SCV x2  
  88  8:48  Terran Infantry Weapons Level 2  
  90  8:49  Terran Infantry Armor Level 2  
  90  8:53  Missile Turret  
  90  8:54  SCV x2  
  92  8:56  Barracks Tech Lab  
  92  9:01  SCV  
  93  9:03  Marine  
  93  9:04  Marauder x2, Marine x2  
  93  9:07  Marine x2  
  104  9:11  Marine x2  
  104  9:13  Drilling Claws  
  106  9:19  SCV x2  
  106  9:22  SCV  
  106  9:24  Supply Depot, Marine x2  
  107  9:25  Widow Mine  
  107  9:26  Marauder, Widow Mine  
  115  9:31  SCV  
  114  9:38  Marine x3  
  114  9:39  Marauder, Marine x3  
  114  9:40  Marauder, Concussive Shells  
  124  9:47  Terran Vehicle And Ship Armor Level 1, Widow Mine  
  124  9:48  Missile Turret  
  124  9:50  Marine x2  
  124  9:51  Marauder  
  124  9:52  Widow Mine  
  132  9:56  Marine  
  132  9:57  Supply Depot x2  
  133  10:00  Medivac, Marine  
  133  10:01  Marauder  
  133  10:02  Marauder  
  140  10:13  Marine x2  
  140  10:17  Refinery  
  140  10:18  Medivac, Thor  
  140  10:21  Supply Depot  
  150  10:25  Supply Depot x2  
  150  10:26  Marauder, Missile Turret, Marine x2  
  154  10:31  Factory Reactor  
  148  10:40  SCV  
  148  10:42  Missile Turret, Marine x2  
  141  10:45  Marine x2  
  141  10:48  Marine x4  
  141  10:49  Marauder x2, Supply Depot x2  
  150  10:59  Marine  
  139  11:04  Marine x3  
  139  11:06  Marine  
  139  11:07  Marauder  
  139  11:09  Marine x2  
  136  11:13  Marine  
  136  11:14  Marine  
  137  11:19  Marine  
  137  11:21  Widow Mine x3  
  137  11:22  Marine x3  
  147  11:28  Marauder  
  149  11:34  Marine x4  
  149  11:35  Marauder  
  149  11:39  Supply Depot  
  155  11:42  Widow Mine  
  157  11:49  Marauder  
  157  11:50  Marine x4  
  157  11:52  Marine  
  157  11:53  Marauder, Marine x2  
  150  11:56  Marauder  
  141  12:07  Marine x2  
  141  12:08  Marine x2  
  117  12:09  Marine  
  117  12:10  SCV x2  
  117  12:11  Marauder, Starport Reactor, Marine x2  
Tags
 
Add a new tag
Caveats
  • Supply blocks, unpowered buildings, or Contaminate may cause inaccurate times.
  • Supply counts are checked every 10 seconds.